 Dungeon Crawl Stone Soup version 0.30-a0-358-g0d69a1922f (webtiles) character file.

Game seed: 11127755105707327394

897 vineage the Trooper (level 8, 0/52 HPs)
             Began as a Gargoyle Fighter on Nov 8, 2022.
             Killed by divine providence
             ... invoked by an orc priest
              (15 damage)
             ... on level 5 of the Dungeon.
             The game lasted 00:04:59 (3412 turns).

vineage the Trooper (Gargoyle Fighter)              Turns: 3412, Time: 00:05:00

Health: 0/52       AC: 19    Str: 23    XL:     8   Next: 7%
Magic:  8/8        EV:  6    Int:  8    God:
Gold:   222        SH:  4    Dex:  9    Spells: 7/7 levels left

rFire   . . .      SeeInvis .    d - +0 whip (flame)
rCold   . . .      Faith    .    c - +0 buckler
rNeg    + . .      Spirit   .    k - +0 plate armour
rPois   ∞          Reflect  .    (no helmet)
rElec   +          Harm     .    (no cloak)
rCorr   .          Rampage  .    p - +0 pair of gloves
Will    .....                    (no boots)
Stlth   ..........               (no amulet)
HPRegen 0.28/turn                (no ring)
MPRegen 0.11/turn                (no ring)

@: no status effects
A: sickness immunity, AC +5, negative energy resistance 1, electricity
resistance, torment resistance 1, petrification resistance
a: no special abilities


You were on level 5 of the Dungeon.
You visited 1 branch of the dungeon, and saw 5 of its levels.

You collected 222 gold pieces.

Inventory:

Hand Weapons
 a - a +0 flail
 d - a +0 whip of flaming (weapon)
Armour
 c - a +0 buckler (worn)
 k - a +0 plate armour (worn)
 p - a +0 pair of gloves (worn)
Wands
 m - a wand of polymorph (18)
 q - a wand of digging (9)
 u - a wand of roots (2)
Scrolls
 b - a scroll of amnesia
 l - a scroll of teleportation
 o - a scroll of poison
 r - 3 scrolls of identify
 s - a scroll of noise {unknown}
Potions
 f - a potion of cancellation
 g - a potion of magic {unknown}
 h - a potion of curing
 i - a potion of brilliance {unknown}
 j - 2 potions of attraction {unknown}
 n - 2 potions of mutation {unknown}
 t - a potion of invisibility {unknown}


   Skills:
 * Level 6.4 Fighting
 * Level 5.4 Maces & Flails
 + Level 5.1 Armour
 + Level 5.1 Shields


You had 7 spell levels left.
You didn't know any spells.
Your spell library contained the following spells:

 Spells                   Type           Power      Damage    Failure   Level
 Beastly Appendage        Tmut           0%         N/A       100%        1
 Magic Dart               Conj           0%         1d3       100%        1
 Necrotise                Necr           0%         1d4       100%        1
 Blink                    Tloc           0%         N/A       100%        2
 Ensorcelled Hibernation  Hex/Ice        0%         N/A       100%        2
 Momentum Strike          Conj/Tloc      0%         3d8       100%        2
 Searing Ray              Conj           0%         2d4       100%        2
 Wereblood                Tmut           0%         N/A       100%        2
 Inner Flame              Hex/Fire       0%         N/A       100%        3
 Lesser Beckoning         Tloc           0%         N/A       100%        3
 Ozocubu's Armour         Ice            0%         N/A       100%        3
 Spider Form              Tmut/Pois      0%         N/A       100%        3
 Vampiric Draining        Necr           0%         2d6       100%        3
 Anguish                  Hex/Necr       0%         N/A       100%        4
 Flame Wave               Conj/Fire      0%         2d4       100%        4
 Fulminant Prism          Conj/Hex       0%         3d5       100%        4
 Sticky Flame             Conj/Fire      0%         2d3       100%        4
 Agony                    Necr           0%         N/A       100%        5
 Ozocubu's Refrigeration  Ice            0%         4d7       100%        7
 Summon Hydra             Summ           0%         N/A       100%        7
 Sublimation of Blood     Necr           Unusable   N/A       N/A         2

Dungeon Overview and Level Annotations

Branches:
Dungeon (5/15)
 Temple: D:4-7

Altars:
Gozag

Shops:
D:2 *


Innate Abilities, Weirdness & Mutations

You are immune to sickness and miasma.
Your stone body is resilient. (AC +5)
You are immune to poison.
You resist negative energy. (rN+)
You are resistant to electric shocks. (rElec)
You are resistant to unholy torment.
You are immune to petrification.


Message History

* * * LOW HITPOINT WARNING * * *
Something hits you.
* * * LOW HITPOINT WARNING * * *
You are too injured to fight recklessly!
You are too injured to fight recklessly!
You are too injured to fight recklessly!
You are too injured to fight recklessly!
You are too injured to fight recklessly!
You are too injured to fight recklessly!
You are too injured to fight recklessly!
You are too injured to fight recklessly!
You are too injured to fight recklessly!
You are too injured to fight recklessly!
You are too injured to fight recklessly!
You feel better. Something hits you but does no damage.
You block the orc priest's attack.
The orc priest invokes the aid of Beogh against you.
Beogh smites you!
* * * LOW HITPOINT WARNING * * *
You barely miss the orc priest.
The orc priest hits you with a +0 hand axe.
* * * LOW HITPOINT WARNING * * *
You feel much better. Something hits you but does no damage.
The orc priest looks braver for a moment.
The orc priest hits you but does no damage.
The iguana barely misses you.
You hit the iguana but do no damage. Something hits you.
The iguana bites you but does no damage.
You closely miss the iguana. You closely miss the orc priest.
You hear some strange, mumbled words.
Something tries to affect you, but you resist.
The orc priest mumbles some strange prayers to Beogh against you.
Beogh smites you!
* * * LOW HITPOINT WARNING * * *
The iguana bites you but does no damage.
You completely miss the orc priest.
The orc priest mumbles some strange prayers to Beogh against you.
Beogh smites you!
You die...

...# #... .⌠.#.#
#...# ..#.#.# #....
..#.#.# #.#.. #.#.#.#
#.#.#+ #.
#.#.#.#.#.#.###..
#.#.#o#.#.#.#.#.#
#.#@#<#.#.......
#.#l#.#....#. .
#.#.#o#.#......
#.#.#.#)#.#.#.#.#
#.#.#.#.#.#...o...
#.#.#.#.#.#..#.
#.#.#.#.#.#.#/......
#.#.#.#.#.#.#.#.#.#.#
.#.#.#.#.#.# #.#....


You could see an iguana and 2 orc priests.

Vanquished Creatures
  Pikel (D:4)
  An ogre (D:4)
  A scorpion (D:4)
  A hound (D:5)
  An iguana (D:4)
  Natasha (thrice) (D:4)
  Terence (D:3)
  7 adders
  4 gnolls (D:3)
  A worm (D:3)
  2 dart slugs
  3 orcs
  9 endoplasms
  7 giant cockroaches
  9 goblins
  8 hobgoblins
  6 kobolds
  5 quokkas
  8 ball pythons
  10 bats
  7 frilled lizards
  4 rats
99 creatures vanquished.

Notes
Turn   | Place    | Note
-------+----------+-------------------------------------------
     0 | D:1      | vineage the Gargoyle Fighter began the quest for the Orb.
     0 | D:1      | Reached XP level 1. HP: 14/14 MP: 1/1
    76 | D:1      | Reached XP level 2. HP: 16/19 MP: 2/2
   512 | D:1      | Reached XP level 3. HP: 24/24 MP: 3/3
  1001 | D:2      | Reached skill level 4 in Fighting
  1009 | D:2      | Reached XP level 4. HP: 29/29 MP: 4/4
  1144 | D:2      | Found an opulent altar of Gozag.
  1321 | D:2      | Found Cyakil's Assorted Antiques.
  1916 | D:3      | Reached XP level 5. HP: 17/34 MP: 5/5
  2199 | D:3      | Noticed Terence
  2208 | D:3      | Killed Terence
  2495 | D:3      | Found a faded altar of an unknown god.
  2686 | D:4      | Noticed Natasha
  2700 | D:4      | Killed Natasha
  2805 | D:4      | Noticed Natasha
  2818 | D:4      | Reached skill level 5 in Fighting
  2818 | D:4      | Reached XP level 6. HP: 22/40 MP: 6/6
  2819 | D:4      | Killed Natasha
  2824 | D:4      | Noticed Pikel
  2844 | D:4      | Killed Pikel
  2845 | D:4      | Reached skill level 6 in Fighting
  2845 | D:4      | Reached skill level 5 in Maces & Flails
  2845 | D:4      | Reached XP level 7. HP: 17/46 MP: 7/7
  2974 | D:4      | Noticed Natasha
  2984 | D:4      | Killed Natasha
  2988 | D:4      | Reached skill level 5 in Shields
  3129 | D:4      | Reached skill level 5 in Armour
  3345 | D:4      | Reached XP level 8. HP: 52/52 MP: 8/8
  3357 | D:5      | Entered Level 5 of the Dungeon
  3412 | D:5      | Killed from afar by an orc priest

Illustrated notes

Levels and vault maps discovered:
D:1:      tarquinn_simple_flora_water_e, layout_loops_ring
D:2:      layout_basic, basic_altar, serial_shops, shop
D:3:      layout_basic, hellmonk_ecumenical_altar_leap_of_faith, uniq_terence
D:4:      layout_rooms, uniq_natasha, uniq_pikel
D:5:      layout_basic, temple_fountains, hex_medium, minmay_ruined_shrine

Skill      XL: |  1  2  3  4  5  6  7 |
---------------+----------------------+-----
Fighting       | 4 5 6 |  6.4
Maces & Flails | 3 5 |  5.4
Shields        | 4 5 |  5.1
Armour         | 4 5 |  5.1

Action                   |  1- 3 |  4- 6 |  7- 9 || total
-------------------------+-------+-------+-------++-------
Melee: Flail             |   122 |   149 |       ||   271
       Whip              |       |       |    70 ||    70
  Use: Scroll            |     2 |     5 |       ||     7
       Potion            |       |     3 |     2 ||     5
Armor: Scale mail        |    39 |       |       ||    39
       Plate armour      |    49 |    97 |    35 ||   181
Dodge: Dodged            |    48 |    38 |    11 ||    97
Block: Buckler           |    23 |    35 |    15 ||    73

Table legend: (Time is in decaauts)
 A = Elapsed time spent in this place.
 B = Non-inter-level travel time spent in this place.
 C = Inter-level travel time spent in this place.
 D = Time resting spent in this place.
 E = Time spent auto-exploring this place.
 F = Levels seen in this place.
 G = Mean time per level.
                   A        B        C        D        E       F      G
               +--------+--------+--------+--------+--------+-----+--------+
         Total |   3490 |   3406 |     84 |      0 |   2596 |   5 |  698.0 |
       Dungeon |   3490 |   3406 |     84 |      0 |   2596 |   5 |  698.0 |
               +--------+--------+--------+--------+--------+-----+--------+

Top non-repeatable levels by time:
     D:2: 1010 daAuts
     D:3: 884 daAuts
     D:1: 792 daAuts
     D:4: 753 daAuts
     D:5: 49 daAuts
